 Dungeon Crawl Stone Soup version 0.20-a0-46-g4a4b873 (webtiles) character file.

150 Faca the Shield-Bearer (level 4, -4/34 HPs)
             Began as a Demigod Fighter on Nov 14, 2016.
             Slain by Faca's ghost (7 damage)
             ... on level 3 of the Dungeon.
             The game lasted 00:10:13 (1531 turns).

Faca the Shield-Bearer (Demigod Fighter)            Turns: 1531, Time: 00:10:14

Health: -4/34      AC:  7    Str: 19    XL:     4   Next: 84%
Magic:  6/6        EV: 12    Int: 12    God:
Gold:   77         SH: 10    Dex: 22    Spells: 0 memorised, 3 levels left

rFire  . . .     SeeInvis .     a - +1 long sword
rCold  . . .     Gourm    .     b - +0 scale mail
rNeg   . . .     Faith    .     c - +0 shield
rPois  .         Spirit   .     (no helmet)
rElec  .         Reflect  .     (no cloak)
rCorr  .         Harm     .     j - +0 pair of gloves
MR     .....     Clarity  +     (no boots)
Stlth  ++........               (no amulet)
                                (no ring)
                                (no ring)

@: agile
A: clarity, frail 1, high mp 1, slow regeneration 1
a: no special abilities


You were on level 3 of the Dungeon.
You were not hungry.

You visited 1 branch of the dungeon, and saw 3 of its levels.

You collected 77 gold pieces.

Inventory:

Hand Weapons
 a - a +1 long sword (weapon)
Armour
 b - a +0 scale mail (worn)
 c - a +0 shield (worn)
 j - a +0 pair of gloves (worn)
Wands
 g - a wand of digging (4/24)
Potions
 d - 2 potions of might
 e - 3 potions of curing
Comestibles
 f - 4 bread rations


   Skills:
 + Level 3.1 Fighting
 + Level 3.3 Long Blades
 + Level 3.0 Armour
 + Level 0.6 Dodging
 + Level 3.7 Shields


You had 3 spell levels left.
You didn't know any spells.

Dungeon Overview and Level Annotations

Branches:
Dungeon (3/15)

Annotations:
D:3 Faca's ghost, amateur MfBe


Innate Abilities, Weirdness & Mutations

You have an increased reservoir of magic. (+10% MP)
You possess an exceptional clarity of mind.
You are frail. (-10% HP)
You regenerate slowly when monsters are visible.


Message History

The goblin unwields an uncursed hunting sling.
The goblin hits you but does no damage. Faca's ghost hits you.
* * * LOW HITPOINT WARNING * * *
The goblin misses you.
You riposte.
You barely miss the goblin. You hit the goblin.
The goblin is severely wounded.
You block Faca's ghost's attack. The goblin hits you.
* * * LOW HITPOINT WARNING * * *
Faca's ghost closely misses you.
Your shield and scale mail prevent you from hitting the goblin.
The goblin is severely wounded.
The goblin hits you but does no damage.
Faca's ghost hits you but does no damage.
You hit the goblin.
You kill the goblin!
Faca's ghost hits you but does no damage.
You hit Faca's ghost.
Faca's ghost is moderately damaged.
Faca's ghost hits you!
You die...

#.......# #...
#.......########...
#.......##.....)...
#.......##.#####...
#.......##.# ####
##.......##)#
#........#..#
..######.)......†.##
......)((W@.....###
.......$).......#
..#.###.####.#.## ..
#..# #.#... # #..##
....... ....
..###### .(.#. #..
.....


You could see Faca's ghost.

Vanquished Creatures
  Natasha (thrice) (D:2)
  3 oozes
  2 worms
  A leopard gecko (D:2)
  4 orcs (D:3)
  2 giant cockroaches
  6 goblins
  4 hobgoblins
  7 jackals
  A ball python (D:2)
  6 bats
  3 frilled lizards
  7 kobolds
  3 rats
52 creatures vanquished.

Notes
Turn   | Place    | Note
-------+----------+-------------------------------------------
     0 | D:1      | Faca the Demigod Fighter began the quest for the Orb.
     0 | D:1      | Reached XP level 1. HP: 18/18 MP: 3/3
   610 | D:2      | Reached XP level 2. HP: 25/25 MP: 4/4
   731 | D:2      | Found a bloodstained altar of Trog.
   793 | D:2      | Noticed Natasha
   794 | D:2      | Reached XP level 3. HP: 31/31 MP: 5/5
   800 | D:2      | Killed Natasha
  1086 | D:2      | Noticed Natasha
  1092 | D:2      | Killed Natasha
  1092 | D:2      | Reached XP level 4. HP: 33/38 MP: 6/6
  1145 | D:2      | Noticed Natasha
  1151 | D:2      | Killed Natasha
  1501 | D:3      | Noticed Faca's ghost (amateur MfBe)
  1524 | D:3      | Gained mutation: You are frail. (-10% HP) [potion of mutation]
  1524 | D:3      | Gained mutation: You possess an exceptional clarity of mind. [potion of mutation]
  1524 | D:3      | Gained mutation: You regenerate slowly when monsters are visible. [potion of mutation]
  1531 | D:3      | Slain by Faca's ghost

Vault maps used:
D:1:      dpeg_arrival_stonehenge_8_columns
D:2:      bloody_trog, uniq_natasha
D:3:      serial_park_tiny_1, uniq_robin, uniq_grinder, uniq_iyjb

Skill      XL: |  1  2  3  4 |
---------------+-------------+-----
Fighting       | 3 |  3.1
Shields        | 3 |  3.7
Long Blades    | 2 3 |  3.3
Armour         | 3 |  3.0
Dodging        | |  0.6

Action                   |  1- 3 |  4- 6 || total
-------------------------+-------+-------++-------
Melee: Long sword        |   100 |    71 ||   171
  Use: Scroll            |     5 |     3 ||     8
       Potion            |       |     2 ||     2
  Eat: Fruit             |     2 |       ||     2
       Bread ration      |       |     1 ||     1
Armor: Scale mail        |    50 |    23 ||    73
Dodge: Dodged            |    42 |    15 ||    57
Block: Shield            |    62 |    48 ||   110
       Rpst.: Long sword |    14 |     4 ||    18
